Map: Cerulean Fall LE

Players

Lambo - Winner!

  • Race: Zerg Zerg
  • League: Master
  • Spawn Location: 1:00

IIIIIIIIIIII (HateMe)

  • Race: Zerg Zerg
  • Spawn Location: 7:00

VOD

Have the link to the VOD?

Description

Time

  • Played on: Jan. 22, 2019, 10:24 a.m.
  • Length: 7:01
Show
View Real Time Build Order
Export as new Build Order

Lambo Zerg - Winner!

Build Orders: Hatch First 

Get SALT Encoding   

  12  0:00  Drone  
  13  0:13  Overlord  
  13  0:17  Drone  
  14  0:31  Drone x2  
  16  0:48  Hatchery  
  15  0:51  Drone  
  15  0:56  Drone  
  17  0:59  Drone  
  18  1:11  Extractor  
  17  1:15  Spawning Pool  
  17  1:17  Drone  
  17  1:21  Drone  
  18  1:29  Drone  
  19  1:39  Drone  
  20  1:52  Drone  
  21  2:02  Queen  
  21  2:03  Drone, Queen  
  21  2:04  Overlord  
  26  2:12  Metabolic Boost  
  26  2:13  Drone x2  
  28  2:22  Drone  
  29  2:24  Zergling x2  
  30  2:35  Hatchery  
  30  2:36  Drone  
  30  2:39  Drone  
  31  2:44  Drone x2  
  33  2:53  Baneling Nest  
  33  2:55  Overlord  
  32  2:58  Drone  
  33  3:07  Zergling x2  
  33  3:08  Drone  
  33  3:11  Drone  
  36  3:15  Drone x2  
  36  3:16  Drone  
  36  3:17  Zergling x4  
  36  3:18  Zergling x2  
  42  3:24  Evolution Chamber  
  42  3:25  Overlord  
  41  3:28  Drone  
  41  3:34  Queen  
  44  3:45  Drone x5  
  49  3:51  Drone x2  
  49  3:53  Zerg Missile Weapons Level 1  
  49  3:55  Drone x2  
  53  3:59  Drone x2  
  55  4:02  Overlord  
  55  4:03  Extractor  
  55  4:05  Extractor  
  55  4:06  Drone  
  53  4:12  Drone  
  53  4:13  Drone  
  53  4:15  Drone x2  
  53  4:16  Drone  
  57  4:20  Roach Warren  
  57  4:21  Drone x2  
  57  4:24  Drone x2  
  57  4:28  Drone x2  
  61  4:33  Drone  
  61  4:34  Drone  
  61  4:36  Baneling  
  61  4:38  Baneling x2  
  63  4:39  Zergling x2  
  63  4:41  Queen  
  63  4:43  Overlord  
  65  4:50  Extractor  
  65  4:52  Zergling x2  
  65  4:53  Overlord  
  65  4:55  Overlord  
  65  4:58  Zergling x4  
  63  5:01  Overlord  
  63  5:03  Zergling x12  
  68  5:09  Roach x2  
  70  5:19  Roach x3  
  74  5:21  Overlord  
  74  5:26  Roach x4  
  79  5:30  Overlord  
  79  5:33  Roach  
  83  5:35  Roach  
  83  5:40  Roach x2  
  87  5:46  Roach x2  
  87  5:49  Roach x2  
  95  5:55  Roach  
  96  6:00  Roach x2  
  100  6:07  Zergling x12  
  100  6:09  Baneling x7  
  100  6:10  Baneling  
  105  6:12  Zergling x4  
  105  6:18  Queen  
  109  6:21  Baneling, Zergling x4  
  111  6:30  Zergling x4  
  113  6:37  Overlord  
  113  6:39  Zergling x4  
  114  6:43  Zergling x8  
Show
View Real Time Build Order
Export as new Build Order

IIIIIIIIIIII Zerg 

Build Orders: Hatch First 

Get SALT Encoding   

  12  0:00  Drone  
  13  0:12  Overlord  
  13  0:17  Drone  
  14  0:30  Drone x2  
  16  0:48  Hatchery  
  15  0:51  Drone  
  15  0:54  Drone  
  17  0:59  Drone  
  18  1:08  Extractor  
  17  1:13  Spawning Pool  
  17  1:17  Drone  
  17  1:20  Drone  
  18  1:27  Drone  
  19  1:38  Drone  
  20  1:49  Drone  
  21  1:59  Overlord  
  21  2:01  Queen  
  21  2:02  Drone, Queen  
  26  2:11  Drone, Metabolic Boost  
  26  2:13  Drone  
  28  2:21  Drone  
  28  2:22  Drone  
  30  2:32  Drone  
  30  2:33  Drone  
  32  2:38  Hatchery  
  31  2:46  Drone, Baneling Nest  
  31  2:47  Drone  
  32  2:54  Overlord  
  32  2:57  Drone  
  33  3:06  Zergling x4  
  33  3:10  Zergling x2  
  36  3:13  Overlord  
  36  3:16  Zergling x2  
  36  3:17  Drone  
  36  3:18  Drone x3  
  41  3:28  Drone x2  
  41  3:29  Baneling  
  41  3:30  Baneling  
  41  3:31  Evolution Chamber  
  42  3:36  Drone  
  42  3:38  Drone  
  44  3:43  Drone  
  44  3:44  Drone x5  
  44  3:48  Queen  
  52  3:52  Extractor  
  52  3:53  Extractor, Overlord  
  52  3:54  Drone  
  52  3:55  Drone  
  52  3:59  Zerg Melee Weapons Level 1  
  52  4:04  Zergling x4  
  52  4:05  Zergling x2  
  54  4:10  Drone  
  54  4:13  Baneling x2  
  54  4:16  Zergling x8  
  59  4:22  Overlord  
  59  4:23  Drone  
  59  4:24  Drone x2  
  62  4:29  Lair  
  62  4:32  Roach Warren  
  62  4:33  Drone  
  62  4:34  Drone x2  
  64  4:44  Overlord  
  64  4:46  Drone, Overlord  
  64  4:49  Drone x3  
  68  4:54  Drone x2  
  68  4:55  Drone  
  68  4:59  Baneling  
  70  5:04  Drone x6  
  70  5:06  Drone  
  74  5:13  Extractor  
  74  5:14  Extractor x2  
  71  5:17  Overlord  
  71  5:18  Drone x3  
  72  5:27  Roach  
  72  5:30  Spire, Zergling x4  
  72  5:35  Roach  
  75  5:40  Zergling x4  
  77  5:44  Zergling x8  
  77  5:45  Zergling x8  
  84  5:56  Drone x4  
  85  6:00  Drone  
  82  6:06  Drone x2  
  82  6:10  Spine Crawler x2  
  82  6:13  Roach x8  
  82  6:15  Overlord x2  
  82  6:16  Spine Crawler  
  97  6:20  Baneling  
  97  6:21  Baneling x4  
  85  6:40  Roach x7  
Tags
 
Add a new tag
Caveats
  • Supply blocks, unpowered buildings, or Contaminate may cause inaccurate times.
  • Supply counts are checked every 10 seconds.